Map: Dead of Night

Players

NamroodTuo

  • Race: Terran Terran
  • Spawn Location: 0:00

bobrick

  • Race: Protoss Protoss
  • Spawn Location: 0:00

VOD

Have the link to the VOD?

Description

Time

  • Played on: Feb. 6, 2023, 4:03 a.m.
  • Length: 31:50
Show
View Real Time Build Order
Export as new Build Order

NamroodTuo Terran 

Build Orders:  

Get SALT Encoding   

  12  0:04  SCV  
  13  0:17  SCV  
  14  0:31  SCV  
  14  0:33  Supply Depot  
  15  0:46  SCV  
  16  1:00  SCV  
  17  1:13  SCV  
  17  1:15  Supply Depot  
  18  1:27  SCV  
  19  1:31  Factory  
  19  1:41  SCV  
  20  1:54  SCV  
  21  2:08  SCV  
  22  2:12  Perdition Turret  
  22  2:15  Perdition Turret  
  22  2:21  SCV  
  23  2:33  Perdition Turret  
  23  2:35  Perdition Turret x2  
  23  2:37  Perdition Turret  
  23  2:59  Perdition Turret  
  23  3:00  Perdition Turret  
  23  3:06  Devastation Turret x2  
  23  3:19  Devastation Turret  
  23  3:23  SCV  
  24  3:40  SCV  
  25  3:53  SCV  
  25  3:57  Devastation Turret  
  26  4:02  Perdition Turret x3  
  26  4:03  Perdition Turret x2  
  26  4:04  Perdition Turret  
  26  4:05  Perdition Turret x3  
  26  4:07  SCV  
  27  4:11  Perdition Turret  
  27  4:12  Perdition Turret  
  27  4:13  Perdition Turret  
  27  4:15  Perdition Turret, Devastation Turret  
  27  4:20  SCV, Perdition Turret x2  
  27  4:21  Perdition Turret  
  27  4:23  Perdition Turret  
  28  4:34  SCV, Perdition Turret  
  28  4:36  Perdition Turret  
  28  4:38  Perdition Turret x2  
  28  4:39  Perdition Turret x2  
  29  4:47  SCV  
  29  4:48  Perdition Turret x2  
  29  4:49  Perdition Turret  
  30  4:54  Engineering Bay, Perdition Turret  
  30  4:55  Perdition Turret x3  
  30  5:01  SCV  
  30  5:03  Armory, Perdition Turret  
  30  5:04  Perdition Turret x2  
  30  5:05  Perdition Turret x2  
  30  5:07  Refinery  
  30  5:08  Perdition Turret x2  
  30  5:09  Perdition Turret  
  31  5:10  Perdition Turret, Refinery  
  31  5:12  Perdition Turret  
  31  5:22  Perdition Turret  
  31  5:25  Perdition Turret  
  31  5:28  Perdition Turret x2  
  31  5:31  Perdition Turret x2, Supply Depot  
  31  5:32  Perdition Turret  
  31  5:33  Perdition Turret x2  
  31  5:38  Perdition Turret x2  
  31  5:39  Perdition Turret  
  31  5:40  Perdition Turret  
  31  5:42  Perdition Turret x2  
  31  5:43  Perdition Turret  
  31  5:44  Perdition Turret  
  31  5:45  Perdition Turret  
  31  5:53  SCV  
  31  5:56  Supply Depot  
  31  5:58  Perdition Turret  
  31  5:59  Perdition Turret  
  32  6:00  Perdition Turret, Refinery  
  32  6:02  Perdition Turret x3  
  32  6:03  Perdition Turret x2  
  32  6:06  Perdition Turret  
  32  6:07  SCV, Supply Depot  
  32  6:08  Perdition Turret x2  
  32  6:09  Perdition Turret x2  
  33  6:10  Perdition Turret  
  33  6:11  Perdition Turret x2  
  33  6:12  Perdition Turret x3  
  33  6:15  Perdition Turret x2  
  33  6:16  Perdition Turret  
  33  6:17  Perdition Turret  
  33  6:20  SCV, Perdition Turret x4  
  33  6:21  Perdition Turret x2  
  33  6:23  Perdition Turret x2  
  33  6:27  Perdition Turret x2  
  34  6:33  Perdition Turret x4  
  34  6:34  SCV, Perdition Turret  
  34  6:35  Perdition Turret x2  
  34  6:37  Perdition Turret x2  
  34  6:38  Perdition Turret  
  35  6:41  Perdition Turret x2  
  35  6:42  Perdition Turret x2  
  35  6:43  Perdition Turret  
  35  6:45  Perdition Turret x3  
  35  6:47  SCV  
  35  6:48  Perdition Turret  
  35  6:49  Perdition Turret x2  
  36  6:50  Perdition Turret x3  
  36  6:56  Perdition Turret  
  36  6:57  Upgrade Laser Drill Level 1  
  36  7:01  SCV  
  36  7:04  Perdition Turret x2  
  36  7:05  Perdition Turret x2  
  36  7:06  Fire-Suppression Systems, Perdition Turret x2  
  36  7:08  Perdition Turret  
  36  7:09  Factory Tech Reactor, Perdition Turret x3  
  37  7:10  Perdition Turret  
  37  7:11  Perdition Turret  
  37  7:14  SCV  
  37  7:16  Perdition Turret x3, Supply Depot  
  37  7:18  Supply Depot  
  38  7:21  Perdition Turret  
  38  7:22  Perdition Turret  
  38  7:23  Perdition Turret  
  38  7:24  Perdition Turret  
  38  7:27  Perdition Turret  
  38  7:28  SCV  
  39  7:42  SCV  
  39  7:49  Supply Depot  
  40  7:52  Spinning Dizzy  
  40  7:55  SCV  
  41  8:09  SCV  
  42  8:11  Spinning Dizzy  
  42  8:16  Spinning Dizzy  
  42  8:22  SCV  
  43  8:31  KMC Auto-Loaders  
  43  8:37  Devastation Turret  
  43  8:58  Spinning Dizzy  
  43  8:59  Spinning Dizzy  
  43  9:07  Devastation Turret  
  43  9:14  Spinning Dizzy  
  43  9:23  SCV  
  43  9:28  Spinning Dizzy  
  44  9:36  SCV  
  45  9:50  SCV, Spinning Dizzy  
  45  9:52  Siege Tank x2  
  45  9:53  Spinning Dizzy  
  52  10:03  SCV  
  52  10:04  Structure Armor  
  52  10:08  Regenerative Bio-Steel  
  53  10:10  Spinning Dizzy  
  53  10:17  SCV  
  54  10:21  Perdition Turret  
  54  10:24  Perdition Turret  
  54  10:31  SCV  
  55  10:44  SCV  
  55  10:46  Perdition Turret  
  56  10:55  Maelstrom Rounds  
  56  10:58  SCV  
  57  11:04  Hi-Sec Auto Tracking  
  57  11:14  Factory  
  57  11:19  Devastation Turret  
  57  11:25  Perdition Turret  
  57  11:26  Perdition Turret x4  
  57  11:38  Perdition Turret, Advanced Optics  
  57  11:39  Perdition Turret x4  
  57  11:42  Perdition Turret  
  57  11:45  Perdition Turret  
  57  11:47  Perdition Turret, Devastation Turret  
  57  12:00  Upgrade Laser Drill Level 2  
  57  12:04  Perdition Turret  
  57  12:06  Perdition Turret  
  57  12:07  Devastation Turret  
  57  12:10  Perdition Turret  
  57  12:11  SCV, Perdition Turret x5  
  57  12:12  Perdition Turret  
  57  12:13  Perdition Turret x5  
  57  12:14  Perdition Turret x3  
  57  12:19  Perdition Turret  
  58  12:20  Perdition Turret x3  
  58  12:21  Perdition Turret  
  58  12:24  Perdition Turret  
  58  12:25  SCV  
  59  12:31  Perdition Turret  
  59  12:32  Perdition Turret  
  59  12:34  Perdition Turret x2  
  59  12:35  Perdition Turret x2  
  59  12:36  Perdition Turret  
  59  12:38  SCV, Perdition Turret  
  59  12:39  Perdition Turret  
  60  12:41  Perdition Turret x4  
  60  12:42  Perdition Turret  
  60  12:43  Devastation Turret  
  60  12:47  Perdition Turret  
  60  12:48  Perdition Turret x2  
  60  12:51  Perdition Turret x2  
  60  12:52  Perdition Turret  
  60  12:53  Perdition Turret x5  
  60  12:54  Perdition Turret x2  
  60  12:58  Perdition Turret x2  
  60  12:59  Perdition Turret  
  60  13:00  Perdition Turret, Devastation Turret  
  60  13:01  Perdition Turret  
  60  13:03  Perdition Turret  
  60  13:04  Perdition Turret x2  
  60  13:05  Perdition Turret x3  
  60  13:07  Perdition Turret  
  60  13:11  Perdition Turret x2  
  60  13:12  Perdition Turret  
  60  13:13  Perdition Turret x2  
  60  13:14  Perdition Turret x2  
  60  13:15  Perdition Turret  
  60  13:17  Perdition Turret  
  57  13:26  Perdition Turret x4  
  57  13:27  Perdition Turret  
  53  13:34  Perdition Turret  
  53  13:35  Perdition Turret  
  53  13:36  Perdition Turret x2, Spinning Dizzy  
  53  13:37  Terran Vehicle and Ship Weapons Level 1  
  53  13:40  Perdition Turret x2  
  53  13:41  Perdition Turret  
  53  13:42  Perdition Turret x2  
  53  13:49  Perdition Turret  
  53  13:50  Perdition Turret x2  
  53  13:52  Perdition Turret x3  
  53  13:53  Perdition Turret x2  
  53  13:57  Perdition Turret  
  53  13:58  Perdition Turret x2  
  53  14:00  Devastation Turret  
  53  14:02  Perdition Turret x4  
  53  14:05  Perdition Turret x2  
  53  14:06  Perdition Turret  
  53  14:08  Factory Tech Reactor  
  53  14:09  Perdition Turret  
  53  14:11  Siege Tank x2  
  53  14:14  Perdition Turret x2  
  53  14:15  Perdition Turret  
  53  14:16  Perdition Turret x2  
  53  14:17  Perdition Turret  
  59  14:20  Devastation Turret  
  59  14:24  Perdition Turret  
  59  14:27  Perdition Turret  
  59  14:28  Perdition Turret  
  59  14:29  Perdition Turret  
  59  14:41  SCV  
  59  14:43  Perdition Turret x3  
  59  14:44  Perdition Turret, Siege Tank x2  
  59  14:45  Perdition Turret, Siege Tank x2  
  59  14:47  Siege Tank x2  
  66  14:52  Spinning Dizzy  
  66  14:54  Perdition Turret  
  66  14:55  SCV, Perdition Turret  
  66  14:56  Perdition Turret  
  67  15:08  SCV  
  68  15:13  Spinning Dizzy  
  68  15:23  Siege Tank x2  
  74  15:33  Siege Tank  
  74  15:34  Siege Tank x5  
  74  15:59  Siege Tank  
  77  16:17  Terran Vehicle And Ship Armor Level 1  
  77  16:26  Siege Tank x3  
  77  16:27  Siege Tank x2  
  74  16:50  Siege Tank x3  
  74  16:51  Siege Tank x4  
  74  16:52  Starport  
  74  17:13  Siege Tank  
  71  17:49  Siege Tank x7  
  74  17:53  Starport Tech Reactor  
  74  18:09  Siege Tank  
  77  18:18  Supply Depot  
  77  18:19  Supply Depot  
  77  18:48  Siege Tank x3  
  77  18:49  Siege Tank, Supply Depot  
  89  18:53  Supply Depot  
  89  18:54  Science Vessel x2  
  89  18:57  Terran Vehicle and Ship Weapons Level 2  
  93  19:00  Perdition Turret  
  93  19:10  Perdition Turret  
  93  19:11  Perdition Turret  
  89  19:26  Supply Depot  
  89  19:41  Perdition Turret x2  
  89  19:42  Science Vessel, Perdition Turret  
  89  19:43  Perdition Turret  
  89  19:48  Perdition Turret x2  
  89  19:49  Perdition Turret  
  91  19:53  Perdition Turret x2  
  91  20:01  Perdition Turret  
  91  20:04  Perdition Turret  
  91  20:07  Perdition Turret  
  91  20:10  Perdition Turret x2  
  91  20:11  Perdition Turret x2  
  91  20:12  Perdition Turret x2  
  91  20:15  Perdition Turret  
  91  20:18  Perdition Turret  
  91  20:27  Perdition Turret x3  
  91  20:30  Perdition Turret  
  91  20:31  Perdition Turret  
  91  20:36  Perdition Turret  
  91  20:42  Perdition Turret x3  
  91  20:43  Siege Tank  
  91  20:44  Perdition Turret x2, Siege Tank x2  
  91  20:45  Siege Tank  
  91  20:47  Perdition Turret  
  103  20:55  Perdition Turret x3  
  103  21:02  Perdition Turret  
  103  21:04  Perdition Turret x2  
  103  21:05  Perdition Turret  
  103  21:07  Perdition Turret  
  103  21:14  Perdition Turret  
  103  21:19  Perdition Turret x2, Siege Tank  
  106  21:20  Perdition Turret  
  106  21:43  Perdition Turret x3  
  106  21:49  Perdition Turret  
  106  21:51  Perdition Turret x3  
  106  22:04  Perdition Turret  
  106  22:05  Siege Tank x13  
  106  22:07  Terran Vehicle And Ship Armor Level 2  
  106  22:08  SCV  
  104  22:14  Perdition Turret  
  102  22:22  Siege Tank  
  102  22:24  Perdition Turret  
  102  22:27  Perdition Turret  
  100  23:12  Siege Tank x18  
  80  24:34  Starport  
  80  24:36  Siege Tank x11  
  78  24:41  Starport  
  78  24:47  Pulse Amplifier  
  78  24:52  Siege Tank  
  78  25:17  Terran Vehicle and Ship Weapons Level 3  
  81  25:43  Starport Tech Reactor  
  81  25:45  Starport Tech Reactor  
  81  25:47  Displacement Field  
  81  25:50  Wraith x2  
  81  25:51  Wraith  
  81  25:52  Wraith, Siege Tank x11  
  88  26:20  Perdition Turret x3  
  88  26:30  Wraith x2  
  88  26:31  Perdition Turret x2, Wraith x2  
  88  26:33  Perdition Turret  
  93  26:40  Perdition Turret  
  93  26:47  Improved Nano-Repair  
  93  26:49  Perdition Turret x2  
  93  26:55  Perdition Turret  
  87  27:01  Perdition Turret x2  
  87  27:06  Perdition Turret x2  
  87  27:07  Perdition Turret x2  
  87  27:09  Perdition Turret  
  81  27:10  Wraith x2  
  81  27:11  Perdition Turret, Wraith x2  
  81  27:15  Perdition Turret  
  89  27:23  Perdition Turret  
  71  27:30  Perdition Turret  
  71  27:32  Perdition Turret  
  71  27:33  Perdition Turret  
  71  27:34  Perdition Turret  
  62  27:41  Perdition Turret  
  62  27:46  Defensive Matrix, Perdition Turret  
  62  27:47  Perdition Turret  
  61  27:51  Perdition Turret  
  61  27:56  Perdition Turret  
  61  27:57  Science Vessel x2  
  61  27:58  Wraith x2  
  69  28:02  Perdition Turret  
  69  28:07  Perdition Turret  
  69  28:08  Perdition Turret  
  67  28:20  Perdition Turret  
  67  28:29  Perdition Turret  
  67  28:30  Perdition Turret  
  67  28:34  Perdition Turret  
  67  28:38  Wraith  
  71  28:45  Science Vessel  
  72  28:52  Perdition Turret  
  35  29:57  Perdition Turret  
Show
View Real Time Build Order
Export as new Build Order

bobrick Protoss 

Build Orders:  

Get SALT Encoding   

  12  0:25  Pylon  
  12  0:39  Probe (Chrono Boost)  
  13  0:53  Probe (Chrono Boost)  
  14  1:07  Probe (Chrono Boost)  
  15  1:29  Gateway  
  15  1:31  Gateway  
  15  1:33  Gateway  
  15  1:42  Probe (Chrono Boost)  
  16  1:56  Probe (Chrono Boost)  
  17  2:10  Probe (Chrono Boost)  
  17  2:13  Assimilator  
  17  2:15  Assimilator  
  18  2:22  Assimilator  
  18  2:34  Probe (Chrono Boost)  
  19  2:47  Probe (Chrono Boost)  
  20  3:01  Probe (Chrono Boost)  
  21  3:15  Probe (Chrono Boost)  
  22  3:29  Probe (Chrono Boost)  
  23  3:40  Pylon  
  23  3:44  Pylon  
  23  4:05  Supplicant x4  
  23  4:09  Probe (Chrono Boost)  
  32  4:23  Probe (Chrono Boost)  
  33  4:37  Probe (Chrono Boost)  
  34  5:00  Probe (Chrono Boost)  
  35  5:12  Pylon  
  35  5:13  Probe (Chrono Boost)  
  35  5:17  Pylon  
  36  5:21  Pylon  
  36  5:28  Pylon  
  36  5:33  Pylon  
  36  5:37  Pylon  
  36  5:42  Pylon  
  36  5:51  Pylon  
  36  6:04  Probe (Chrono Boost)  
  37  6:18  Probe (Chrono Boost)  
  38  6:32  Probe (Chrono Boost)  
  38  6:34  Forge  
  38  6:36  Forge  
  38  6:37  Forge  
  35  6:55  Cybernetics Core  
  35  7:01  Probe (Chrono Boost)  
  36  7:15  Probe (Chrono Boost)  
  36  7:16  Gateway x2  
  37  7:20  Gateway  
  37  7:29  Probe (Chrono Boost)  
  38  8:15  Cloaking Module  
  38  8:33  Death Council  
  38  8:41  Robotics Facility  
  38  8:42  Robotics Facility  
  38  8:45  Robotics Facility  
  34  9:22  Probe (Chrono Boost)  
  35  9:30  Protoss Shields Level 1, Protoss Ground Armor Level 1, Protoss Air Armor Level 1, Protoss Air Weapons Level 1, Protoss Ground Weapons Level 1  
  35  9:36  Probe (Chrono Boost)  
  35  9:39  Havoc  
  47  9:42  Slayer x3  
  47  9:43  Slayer x2  
  47  10:09  Ascendant Archives  
  47  10:10  Robotics Bay  
  47  10:16  Havoc  
  47  10:19  Havoc x2  
  50  10:32  Bloodshard Resonance  
  50  11:13  Mind Blast  
  48  11:28  Ascendant x3  
  54  11:49  Ascendant  
  56  12:00  Supplicant x4  
  56  12:02  Detect Weakness  
  64  12:13  Chaotic Attunement  
  64  12:23  Supplicant x6  
  64  12:28  Supplicant x4  
  84  12:47  Fusion Mortars  
  84  13:13  Power Overwhelming  
  84  13:32  Telekinesis, Imposing Presence  
  84  13:42  Protoss Shields Level 2  
  84  13:47  Matter Dispersion  
  84  14:33  Ascendant x2  
  90  14:50  Blood Shields  
  88  15:33  Soul Augmentation  
  78  17:05  Protoss Air Armor Level 2, Protoss Ground Weapons Level 2, Protoss Ground Armor Level 2, Protoss Air Weapons Level 2  
  78  17:06  Protoss Shields Level 3  
  76  17:50  Mothership  
  76  18:29  Phase Blink  
  76  19:12  Phasing Armor  
  75  20:21  Protoss Air Weapons Level 3, Protoss Ground Weapons Level 3  
  75  21:01  Protoss Ground Armor Level 3, Protoss Air Armor Level 3  
  75  21:12  Vanguard x3  
  87  21:21  Havoc x2  
  89  21:46  Pylon  
  89  21:53  Pylon  
  89  22:07  Vanguard  
  89  22:09  Pylon x2  
  93  22:11  Vanguard x2  
  93  22:12  Pylon  
  101  23:22  Pylon  
  101  23:25  Pylon  
  101  23:27  Pylon  
  101  23:28  Pylon x2  
  101  23:31  Pylon  
  101  23:37  Pylon  
  101  23:38  Pylon  
  101  23:41  Pylon  
  94  25:44  Mothership  
  94  26:25  Probe (Chrono Boost)  
  81  26:41  Ascendant  
  81  26:42  Ascendant x2  
  81  26:43  Ascendant  
  81  26:44  Ascendant  
  91  27:03  Vanguard x2  
  91  27:05  Vanguard  
  103  27:13  Supplicant x2  
  107  27:36  Supplicant x2  
  107  27:37  Supplicant x2  
  121  27:42  Slayer  
  121  27:44  Slayer  
  119  27:58  Vanguard x2  
  127  28:00  Vanguard  
  96  30:25  Pylon  
  93  30:31  Pylon x2  
  93  30:37  Pylon  
  92  30:41  Pylon  
  92  30:44  Pylon  
  92  30:47  Pylon x2  
  92  30:52  Probe (Chrono Boost)  
  92  30:54  Pylon  
  92  30:56  Pylon  
  92  30:57  Pylon  
  90  31:09  Probe (Chrono Boost)  
  91  31:26  Probe (Chrono Boost)  
Tags
 
Commander
AlarakSwann
Matchup
Co-op
Replay Pack
Multiplayer
Add a new tag
Caveats
  • Supply blocks, unpowered buildings, or Contaminate may cause inaccurate times.
  • Supply counts are checked every 10 seconds.